 Dungeon Crawl Stone Soup version 0.21-a0-265-gb353147 (webtiles) character file.

38 Atlas the Digger (level 3, -2/26 HPs)
             Began as a Draconian Earth Elementalist on Sept 11, 2017.
             Slain by Terence
             ... wielding a +0 mace
              (4 damage)
             ... on level 2 of the Dungeon.
             The game lasted 00:02:09 (1123 turns).

Atlas the Digger (Draconian Earth Elementalist)     Turns: 1123, Time: 00:02:10

Health: -2/26      AC:  5    Str: 10    XL:     3   Next: 25%
Magic:  0/6        EV: 12    Int: 16    God:
Gold:   35         SH:  0    Dex: 11    Spells: 5/6 levels left

rFire    . . .     SeeInvis .   (no weapon)
rCold    . . .     Gourm    .   (no shield)
rNeg     . . .     Faith    .   (armour unavailable)
rPois    .         Spirit   .   (helmet restricted)
rElec    .         Reflect  .   (no cloak)
rCorr    .         Harm     .   (no gloves)
MR       .....                  (no boots)
Stlth    ++........             (no amulet)
HPRegen  0.08/turn              (no ring)
MPRegen  0.10/turn              (no ring)

@: very slightly contaminated
A: unfitting armour, cold-blooded, AC +5
a: no special abilities


You were on level 2 of the Dungeon.
You were not hungry.

You visited 1 branch of the dungeon, and saw 2 of its levels.

You collected 35 gold pieces.

Inventory:

Missiles
 b - 33 stones (quivered)
Scrolls
 a - a scroll of teleportation {unknown}
 e - a scroll of amnesia {unknown}
 i - a scroll of immolation {unknown}
 k - a scroll of identify {unknown}
Books
 d - a book of Geomancy

   Spells                             Type                      Level
   a - Sandblast                      Earth                        1
   b - Passwall                       Transmutation/Earth          2
   c - Stone Arrow                    Conjuration/Earth            3
   d - Petrify                        Transmutation/Earth          4
   e - Lee's Rapid Deconstruction     Earth                        5
Comestibles
 c - 2 bread rations
 f - a fruit
 g - 5 chunks of flesh
 h - 2 meat rations


   Skills:
 + Level 1.9 Dodging
 - Level 1.9 Stealth
 + Level 2.3 Spellcasting
   Level 1.0 Transmutations
 + Level 4.0 Earth Magic


You had 5 spell levels left.
You knew the following spells:

 Your Spells              Type           Power        Failure   Level  Hunger
a - Sandblast             Erth           ##....       3%          1    #......


Dungeon Overview and Level Annotations

Branches:
Dungeon (2/15)

Altars:

Annotations:
D:2 Terence


Innate Abilities, Weirdness & Mutations

Your plain brown scales are hard. (AC +5)
You cannot fit into any form of body armour.
You are cold-blooded and may be slowed by cold attacks.


Message History

The blast of sand hits Terence.
Terence is severely wounded.
b - 33 stones Terence closely misses you.
Terence closely misses you. Terence hits you but does no damage.
Casting: Sandblast
Confirm with . or Enter, or press ? or * to list all spells.
Aiming: Sandblast
Press: ? - help, Shift-Dir - straight line, f/p - Terence
Aim: Terence, wielding a mace and wearing a scale mail (severely wounded)
You miscast Sandblast.
Sand pours from your hands. Terence hits you with a mace.
* * * LOW HITPOINT WARNING * * *
You hit Terence.
Terence is almost dead.
Terence hits you with a mace.
* * * LOW HITPOINT WARNING * * *
Terence hits you with a mace.
You die...

.#.########## +#'######
#. ........# #..
........####..
..>.....'..#.# #####
...[....##.#.# #...
).......##†#.####.#
........##÷#......#####
........##†.....@.....#
........##.......@..).+
........###...........#
........# #...........#
........# #...........#
........# #...........#
........# #...........#
........# #...........#
........# #...........#


You could see Terence.

Vanquished Creatures
  2 adders (D:2)
  A leopard gecko (D:1)
  2 bats
  A giant cockroach (D:1)
  3 goblins
  2 hobgoblins (D:1)
  3 jackals (D:2)
  2 kobolds (D:1)
  2 rats
18 creatures vanquished.

Notes
Turn   | Place    | Note
-------+----------+-------------------------------------------
     0 | D:1      | Atlas the Draconian Earth Elementalist began the quest for the Orb.
     0 | D:1      | Reached XP level 1. HP: 14/14 MP: 3/3
   329 | D:1      | Reached XP level 2. HP: 18/20 MP: 1/5
  1062 | D:2      | Noticed Terence
  1065 | D:2      | Reached XP level 3. HP: 25/26 MP: 2/6
  1068 | D:2      | Reached skill level 4 in Earth Magic
  1123 | D:2      | Slain by Terence

Vault maps used:
D:1:      doesnt_arrival_eight_statues
D:2:      first_bread, uniq_terence

Skill      XL: |  1  2  3 |
---------------+----------+-----
Earth Magic    | 4 |  4.0
Dodging        | |  1.9
Stealth        | |  1.9
Spellcasting   | |  2.3
Transmutations | |  1.0

Action                   || total
-------------------------++-------
Melee: Unarmed           ||    21
       Tailslap          ||     1
 Cast: Sandblast         ||    32
  Use: Potion            ||     2
  Eat: Chunk             ||     1
Armor: Skin              ||     9
Dodge: Dodged            ||    20

Table legend:
 A = Spawn XP
 B = Non-spawn XP
 C = Spawn XP percentage of total XP
 D = Spawn monster count
 E = Non-spawn monster count
 F = Spawn count percentage of total count
 G = Total turns spent on level
                    A         B        C        D         E        F      G
               +---------+---------+-------+---------+---------+-------+---------
         Total |       0 |      55 |   0.0 |       0 |      18 |   0.0 |  1123
               +---------+---------+-------+---------+---------+-------+---------
           D:1 |       0 |      17 |   0.0 |       0 |       9 |   0.0 |   709
           D:2 |       0 |      38 |   0.0 |       0 |       9 |   0.0 |   414
               +---------+---------+-------+---------+---------+-------+---------
